 Dungeon Crawl Stone Soup version 0.30.1-11-g7821555f0a (webtiles) character file.

Game seed: 3097969335796528690

53 pkoi the Insei (level 3, -1/46 HPs)
             Began as a Draconian Monk on Oct 30, 2023.
             Slain by a gnoll
             ... wielding a +0 spear
              (4 damage)
             ... on level 2 of the Dungeon.
             The game lasted 00:01:10 (875 turns).

pkoi the Insei (Draconian Monk)                      Turns: 875, Time: 00:01:11

Health: -1/46      AC:  6    Str: 19    XL:     3   Next: 62%
Magic:  3/3        EV: 12    Int: 12    God:
Gold:   101        SH:  0    Dex: 13    Spells: 2/2 levels left

rFire   . .          .
                       - Unarmed
rCold   . . .        b - orb {light}
rNeg    . . .        (body armour unavailable)
rPois   .            (helmet restricted)
rElec   .            (no cloak)
rCorr   .            n - +0 pair of gloves
SInv    .            (no boots)
Will    .....        (no amulet) Stlth
                     d - +6 ring of strength
HPRegen 0.27/turn    (no ring)
MPRegen 0.08/turn

%: no passive effects
@: berserking, glowing, very quick
A: AC +5, unfitting armour, cold-blooded
a: no special abilities


You were on level 2 of the Dungeon.
You visited 1 branch of the dungeon, and saw 2 of its levels.

You collected 101 gold pieces.

Inventory:

Hand Weapons
 e - a +0 hand axe
 i - a +2 vampiric whip
Armour
 b - an orb of light (worn)
 n - a +0 pair of gloves (worn)
Jewellery
 d - a +6 ring of strength (left hand)
 h - a ring of resist corrosion
 j - a ring of wizardry
 k - a ring of see invisible
Scrolls
 f - a scroll of immolation
Potions
 a - 2 potions of ambrosia
 g - a potion of curing
 l - a potion of heal wounds {unknown}
 m - a potion of resistance {unknown}
 o - 2 potions of degeneration {unknown}


   Skills:
 - Level 3.2 Fighting
 - Level 2.6 Dodging
 + Level 4.7 Unarmed Combat


You had 2 spell levels left.
You didn't know any spells.
Your spell library was empty.

Dungeon Overview and Level Annotations

Branches:
Dungeon (2/15)

Altars:


Innate Abilities, Weirdness & Mutations

Your plain brown scales are hard. (AC +5)
You cannot fit into any form of body armour.
You are cold-blooded and may be slowed by cold attacks.


Message History

You are too injured to fight recklessly!
You are too injured to fight recklessly!
You are too injured to fight recklessly!
You are too injured to fight recklessly!
You are too injured to fight recklessly!
You are too injured to fight recklessly!
You are too injured to fight recklessly!
You are too injured to fight recklessly!
You are too injured to fight recklessly!
Unknown command.
The orc wizard attacks as you move away!
The orc wizard hits you but does no damage.
The orc wizard gestures at you while chanting.
The puff of flame hits you!
* * * LOW HITPOINT WARNING * * *
You hit the orc.
The orc is heavily wounded.
The orc barely misses you.
You hit the orc but do no damage.
The orc is heavily wounded.
The orc closely misses you.
A red film seems to cover your vision as you go berserk!
You feel yourself moving faster!
You feel mighty! The orc hits you with a +0 club.
* * * LOW HITPOINT WARNING * * *
You punch the orc!
You kill the orc!
The gnoll barely misses you. x2
The orc wizard hits you but does no damage.
The orc hits you with a +0 whip.
* * * LOW HITPOINT WARNING * * *
Things that are here:
a +0 club; a +0 ring mail; an orc corpse You barely miss the orc wizard.
You tail-slap the orc wizard!
The orc wizard is severely wounded.
The orc wizard hits you with a +0 dagger.
* * * LOW HITPOINT WARNING * * *
The orc barely misses you.
The gnoll hits you from afar with a +0 spear.
You die...

.## ..# ..# #..
#.## #.# ...#
#.# #..# #.#
#g.# #.# ####oo#
###.######..@og#
#...##.....###.#
###.#....#...#
.#
#......#.#.#.#
.#
#.###)##.#.#.#
.#
##..........#.#
.#
##††#.##.###.#.#
.#
#...#.#......#.#
#)#)#...####...#


You could see an orc priest, an orc wizard, 2 gnolls and an orc.

Vanquished Creatures
  2 adders (D:2)
  2 dart slugs
  2 orcs (D:2)
  3 ball pythons (D:1)
  A bat (D:1)
  2 endoplasms
  A giant cockroach (D:1)
  4 hobgoblins
  A quokka (D:1)
  2 frilled lizards
  4 goblins
  4 kobolds
  A rat (D:1)
29 creatures vanquished.

Notes
Turn   | Place    | Note
-------+----------+-------------------------------------------
     0 | D:1      | pkoi the Draconian Monk began the quest for the Orb.
     0 | D:1      | Reached XP level 1. HP: 19/19 MP: 1/1
     6 | D:1      | Noticed an anaconda
     6 | D:1      | Noticed a polar bear
     7 | D:1      | Noticed a rime drake
     7 | D:1      | Noticed a redback
   202 | D:1      | Reached XP level 2. HP: 19/26 MP: 2/2
   531 | D:1      | Reached skill level 4 in Unarmed Combat
   626 | D:2      | Reached XP level 3. HP: 31/31 MP: 3/3
   688 | D:2      | Found a faded altar of an unknown god.
   875 | D:2      | Slain by a gnoll

Illustrated notes

Levels and vault maps discovered:
D:1:      onia_arrival_zoo_common, layout_rooms
D:2:      layout_loops_ring, ebering_ecumenical_altar_rust, minmay_tromino_mix6

Skill      XL: |  1  2 |
---------------+-------+-----
Unarmed Combat | 4 |  4.7
Fighting       | |  3.2
Dodging        | |  2.6

Action                     || total
---------------------------++-------
  Melee: Unarmed           ||    46
         Whip              ||    22
         Tailslap          ||     3
    Use: Scroll            ||     6
         Potion            ||     2
 Armour: Skin              ||    18
  Dodge: Dodged            ||    49
